 Dungeon Crawl Stone Soup version 0.25-a0-611-g6918904 (webtiles) character file.

Game seed: 2923797817168775511, levelgen mode: deterministic

16303 Faca the Fighter (level 12, -17/102 HPs)
             Began as a Human Fighter on Mar 16, 2020.
             Was a High Priest of Okawaru.
             Killed from afar by an ogre mage (43 damage)
             ... with a crystal spear
             ... in a volcano.
             The game lasted 00:36:42 (12997 turns).

Faca the Fighter (Human Fighter)                   Turns: 12997, Time: 00:36:43

Health: -17/102    AC: 16    Str: 21    XL:     12   Next: 68%
Magic:  12/12      EV:  5    Int: 16    God:    Okawaru [*****.]
Gold:   686        SH: 11    Dex: 12    Spells: 11/11 levels left

rFire    + . .     SeeInvis .   v - +6 short sword "Conaup" {freeze, Int+6 Stlth+}
rCold    x . .     Gourm    .   c - +0 kite shield
rNeg     . . .     Faith    .   H - +0 plate armour
rPois    .         Spirit   .   (no helmet)
rElec    .         Reflect  .   i - +0 cloak
rCorr    .         Harm     .   (no gloves)
MR       +....                  k - +0 pair of boots
Stlth    ..........             b - amulet of regeneration
HPRegen  0.67/turn              z - ring of fire
MPRegen  0.13/turn              p - ring of protection from magic

@: no status effects
A: no striking features
a: Heroism, Finesse, Renounce Religion


You were in a volcano.
You worshipped Okawaru.
Okawaru was extremely pleased with you.
You were very hungry.

You visited 3 branches of the dungeon, and saw 13 of its levels.
You also visited: Gauntlet and Volcano.

You collected 686 gold pieces.

Inventory:

Hand Weapons
 v - the +6 short sword "Conaup" (weapon) {freeze, Int+6 Stlth+}
   (You found it on level 10 of the Dungeon)

   It has been specially enchanted to freeze those struck by it, causing extra
   injury to most foes and up to half again as much damage against particularly
   susceptible opponents.
   It can also slow down cold-blooded creatures.
   It affects your intelligence (+6).
   It makes you more stealthy.
 E - a +3 long sword of flaming
Missiles
 l - 7 boomerangs (quivered)
 r - 8 javelins
Armour
 c - a +0 kite shield (worn)
 i - a +0 cloak (worn)
 k - a +0 pair of boots (worn)
 q - a +0 tower shield
 H - a +0 plate armour (worn)
Jewellery
 b - an amulet of regeneration (around neck)
 h - an uncursed ring of protection from cold
 p - a ring of protection from magic (right hand)
 w - an uncursed ring of poison resistance
 z - a ring of fire (left hand)
Wands
 a - a wand of random effects (83)
 s - a wand of iceblast (9)
 u - a wand of flame (13)
 y - a wand of digging (5)
 G - a wand of paralysis (8)
Scrolls
 e - a scroll of blinking
 j - 3 scrolls of immolation
 m - 6 scrolls of identify
 o - 4 scrolls of teleportation
 t - 3 scrolls of remove curse
Potions
 d - 2 potions of might
 g - 3 potions of flight
 n - 2 potions of mutation
 A - a potion of curing
 B - 2 potions of invisibility
 C - 2 potions of haste
 D - 2 potions of cancellation
Comestibles
 f - 19 rations


   Skills:
 + Level 12.0 Fighting
 + Level 11.8 Long Blades
 + Level 8.3 Armour
 + Level 8.2 Shields


You had 11 spell levels left.
You didn't know any spells.
Your spell library was empty.

Dungeon Overview and Level Annotations

Branches:
Dungeon (11/15)            Temple (1/1) D:4            Lair (1/6) D:10
    Orc (0/2) D:10        Volcano (1/1)             Gauntlet (visited)

Altars:
Ashenzari
Cheibriados
Dithmenos
Elyvilon
Fedhas
Gozag
Hepliaklqana
Kikubaaqudgha
Nemelex Xobeh
Okawaru
Qazlal
Ru
Sif Muna
Trog
Uskayaw
Vehumet
Wu Jian
Xom
Yredelemnul
The Shining One

Shops:
D:7 (

Annotations:
D:2 1 runed translucent door, Crazy Yiuf
D:3 1 runed translucent door, drock42's ghost, amateur DrFE
D:8 3 runed translucent doors, porpoise's ghost, novice MfIE


Message History

You block the two-headed ogre's attack.
The two-headed ogre hits you but does no damage.
Your shield and plate armour prevent you from hitting the two-headed ogre.
The two-headed ogre is severely wounded.
The two-headed ogre hits you but does no damage.
The two-headed ogre hits you with a +0 giant club of flaming!
* * * LOW HITPOINT WARNING * * *
You hit the two-headed ogre. You freeze the two-headed ogre.
The two-headed ogre is almost dead.
You hit the two-headed ogre. You freeze the two-headed ogre.
The two-headed ogre is almost dead.
The two-headed ogre hits you with a +0 giant club of flaming.
* * * LOW HITPOINT WARNING * * *
The two-headed ogre barely misses you.
You puncture the two-headed ogre! You freeze the two-headed ogre.
You kill the two-headed ogre!
Okawaru accepts your kill.
The ogre mage points at you and mumbles some strange words.
The crystal spear hits you!!!
You die...

§≈§≈≈≈≈≈≈§≈≈§§≈.≈§≈§≈≈.≈≈≈○≈°☼§○○
≈≈≈§≈≈≈..§.......☼☼......≈°≈≈≈°§○
§≈§≈≈≈≈.#################.≈°≈≈≈≈○
§≈§§≈≈..# +.....+ #.≈≈≈≈≈§§
§§§≈≈≈§.# .8_8. #.≈≈≈§≈≈≈ ...
#.≈≈≈≈≈≈≈ #O###++###.§≈§≈≈§≈
#)#......#.≈§≈≈≈≈≈
#@#.######.§§≈≈§≈≈ #.# #.≈§§§§§≈
#.# #.§§§§§§§ #.# #.≈≈§§§≈≈ #.#
#.≈≈§§≈≈≈
#######'########.§§§§§≈≈ ≈
≈≈≈§§§....§§.§§.......§§§§§≈≈≈
§≈≈≈≈§§≈≈≈≈.≈§§≈§≈≈§≈.§≈.§§§§≈≈§≈
§≈§§§§≈§§≈≈≈≈≈≈≈§≈≈§§§§§≈§§≈§≈≈≈≈


You could see an ogre mage.

Vanquished Creatures
  3 hydras
  3 two-headed ogres (Volcano)
  A manticore (D:11)
  A rime drake (Lair:1)
  A komodo dragon (Lair:1)
  2 trolls (D:9)
  3 hippogriffs
  2 dream sheep (D:8)
  2 fire bats (Volcano)
  2 basilisks (Lair:1)
  12 yaks
  A wraith (D:7)
  A hungry ghost (D:10)
  3 water moccasins (Lair:1)
  A soldier ant (D:11)
  2 porcupines
  9 orc warriors
  9 black bears
  4 necrophages (D:8)
  3 ogres
  2 phantoms
  An eye of draining (D:7)
  A sky beast (D:8)
  5 centaurs
  2 crocodiles
  4 big kobolds
  7 bullfrogs
  A water moccasin zombie (D:11)
  A water moccasin skeleton (D:11)
  2 scorpions
  6 killer bees (D:11)
  10 wights
  An electric eel (D:9)
  A howler monkey (D:9)
  A centaur zombie (D:5)
  4 crimson imps
  4 jellies
  4 lava snakes (Volcano)
  2 quasits
  2 bullfrog zombies (D:8)
  12 orc priests
  6 hounds
  3 centaur skeletons
  Jessica (D:2)
  2 iguanas
  3 bullfrog skeletons
  13 orc wizards
  6 worker ants
  4 mummies (D:8)
  A hound zombie (D:5)
  3 worker ant zombies
  10 adders
  A gnoll (D:1)
  5 shadow imps
  An adder zombie (D:5)
  2 adder skeletons
  A worm (D:2)
  3 dart slugs
  A leopard gecko (D:4)
  39 orcs
  6 giant cockroaches
  7 goblins
  12 hobgoblins
  8 jackals
  4 quokkas
  10 bats
  5 frilled lizards
  12 kobolds
  A quokka skeleton (D:8)
  7 rats
315 creatures vanquished.

Vanquished Creatures (others)
  4 fungi
  3 plants (D:8)
7 creatures vanquished.

Grand Total: 322 creatures vanquished

Notes
Turn   | Place    | Note
-------+----------+-------------------------------------------
     0 | D:1      | Faca the Human Fighter began the quest for the Orb.
     0 | D:1      | Reached XP level 1. HP: 18/18 MP: 1/1
   123 | D:1      | Reached XP level 2. HP: 23/24 MP: 2/2
   463 | D:1      | Reached XP level 3. HP: 23/29 MP: 3/3
  1380 | D:2      | Reached XP level 4. HP: 31/37 MP: 4/4
  1422 | D:2      | You fall into a shaft and drop 2 floors!
  1525 | D:4      | Reached skill level 4 in Fighting
  1697 | D:4      | Reached XP level 5. HP: 26/43 MP: 5/5
  1922 | D:4      | Found a shadowy altar of Dithmenos.
  1922 | D:4      | Noticed a phantom
  2023 | D:4      | Killed a phantom
  2023 | D:4      | Reached skill level 5 in Fighting
  2023 | D:4      | Reached XP level 6. HP: 45/51 MP: 6/6
  2048 | D:4      | Found a staircase to the Ecumenical Temple.
  2055 | Temple   | Entered the Ecumenical Temple
  2161 | Temple   | Became a worshipper of Warmaster Okawaru
  2206 | D:3      | Noticed drock42's ghost (amateur DrFE)
  2217 | D:3      | Found a runed translucent door.
  2304 | D:3      | Found an ancient bone altar of Kikubaaqudgha.
  2551 | D:2      | Found a runed translucent door.
  2552 | D:2      | Noticed Crazy Yiuf
  2680 | D:2      | Found a faded altar of an unknown god.
  2687 | D:2      | Noticed Jessica
  2707 | D:2      | Killed Jessica
  2888 | D:3      | Found a shimmering blue altar of Sif Muna.
  2966 | D:3      | Reached skill level 5 in Long Blades
  3359 | D:4      | Found a sparkling altar of Nemelex Xobeh.
  3482 | D:4      | Reached XP level 7. HP: 56/56 MP: 7/7
  3549 | D:4      | Noticed a hippogriff
  3560 | D:4      | Killed a hippogriff
  3560 | D:4      | Reached skill level 6 in Fighting
  3757 | D:5      | Entered Level 5 of the Dungeon
  3789 | D:5      | Reached * piety under Okawaru
  3795 | D:5      | Reached XP level 8. HP: 31/65 MP: 8/8
  3982 | D:5      | Found a shimmering altar of Xom.
  3984 | D:5      | Found a shimmering altar of Xom.
  3984 | D:5      | Found a shimmering altar of Xom.
  3999 | D:5      | Found a shimmering altar of Xom.
  4064 | D:5      | Found a white marble altar of Elyvilon.
  4238 | D:5      | Found a shimmering altar of Xom.
  4281 | D:5      | Found an ornate altar of the Wu Jian Council.
  4349 | D:5      | Reached skill level 7 in Fighting
  4872 | D:6      | Reached ** piety under Okawaru
  5009 | D:6      | Found a stormy altar of Qazlal.
  5010 | D:6      | Found a hide-covered altar of Uskayaw.
  5178 | D:6      | Reached skill level 8 in Fighting
  5178 | D:6      | Reached XP level 9. HP: 74/74 MP: 6/9
  5215 | D:6      | Found a bloodstained altar of Trog.
  5236 | D:6      | Found a shattered altar of Ashenzari.
  5746 | D:7      | Reached skill level 9 in Fighting
  5886 | D:7      | Reached *** piety under Okawaru
  6011 | D:7      | HP: 3/76 [orc warrior/+1 dire flail of protection (7)]
  6570 | D:7      | Found Qanix's Weapon Shoppe.
  7306 | D:8      | Reached XP level 10. HP: 62/84 MP: 10/10
  7324 | D:8      | HP: 3/84 [crocodile (4)]
  7696 | D:8      | Reached skill level 10 in Fighting
  8017 | D:8      | Reached **** piety under Okawaru
  8028 | D:8      | Reached skill level 10 in Long Blades
  8121 | D:8      | Noticed a three-headed hydra
  8144 | D:8      | HP: 2/86 [three-headed hydra (8)]
  8285 | D:8      | Killed a three-headed hydra
  8285 | D:8      | Reached skill level 5 in Armour
  8285 | D:8      | Reached skill level 5 in Shields
  8519 | D:8      | Found a runed translucent gate.
  8519 | D:8      | Found a runed translucent gate.
  8519 | D:8      | Found a runed translucent gate.
  8521 | D:8      | Noticed porpoise's ghost (novice MfIE)
  8529 | D:8      | Noticed a kobold demonologist
  8539 | D:8      | Reached XP level 11. HP: 92/92 MP: 11/11
  8917 | D:9      | Reached ***** piety under Okawaru
  9210 | D:9      | Found a bloodstained altar of Trog.
  9509 | D:9      | Found a sparkling altar of Nemelex Xobeh.
  9603 | D:10     | Entered Level 10 of the Dungeon
  9813 | D:10     | Received a gift from Okawaru
  9924 | D:10     | Reached skill level 11 in Fighting
  9929 | D:10     | Found a staircase to the Lair.
 10347 | D:10     | Got a scorched short sword
 10348 | D:10     | Identified the +6 short sword "Conaup" {freeze, Int+6
                  | Stlth+} (You found it on level 10 of the Dungeon)
 10690 | D:10     | Found a staircase to the Orcish Mines.
 10889 | D:11     | Found a gate leading to a gauntlet.
 10897 | Gauntlet | Entered a Gauntlet
 10897 | Gauntlet | Found a transporter.
 10897 | Gauntlet | Found a transporter.
 10897 | Gauntlet | Found a transporter.
 10903 | Gauntlet | Found a transporter.
 10903 | Gauntlet | Found a transporter.
 10906 | Gauntlet | Found a transporter.
 10909 | Gauntlet | Noticed a death scarab
 10912 | Gauntlet | Noticed a queen ant
 10915 | Gauntlet | Found a transporter.
 10915 | Gauntlet | Found a transporter.
 10917 | Gauntlet | Found a transporter.
 10919 | Gauntlet | Found a transporter.
 10922 | Gauntlet | Found a runed translucent door.
 10922 | Gauntlet | Found a runed translucent door.
 10928 | Gauntlet | Noticed a death yak
 10928 | Gauntlet | Noticed a death yak
 10928 | Gauntlet | Noticed a necromancer
 10929 | Gauntlet | Found a transporter.
 10929 | Gauntlet | Found a transporter.
 10929 | Gauntlet | Noticed a catoblepas
 10929 | Gauntlet | Noticed a death yak
 10929 | Gauntlet | Noticed a death yak
 10929 | Gauntlet | Noticed a death yak
 10929 | Gauntlet | Noticed a death yak
 11126 | D:11     | Noticed a manticore
 11146 | D:11     | HP: 1/93 [manticore (12)]
 11147 | D:11     | Killed a manticore
 11647 | D:11     | Noticed a four-headed hydra
 11670 | D:11     | Killed a one-headed hydra
 11686 | D:11     | Reached XP level 12. HP: 31/100 MP: 12/12
 12459 | Lair:1   | Entered Level 1 of the Lair of Beasts
 12720 | Lair:1   | Noticed an eight-headed hydra
 12722 | Lair:1   | Found a dark tunnel.
 12729 | Lair:1   | Killed a three-headed hydra
 12729 | Lair:1   | Received a gift from Okawaru
 12772 | Volcano  | Entered a volcano
 12969 | Volcano  | Found a burning altar of Makhleb.
 12969 | Volcano  | Noticed a two-headed ogre
 12969 | Volcano  | Noticed an ogre mage
 12969 | Volcano  | Noticed a two-headed ogre
 12969 | Volcano  | Noticed a two-headed ogre
 12977 | Volcano  | Killed a two-headed ogre
 12985 | Volcano  | Killed a two-headed ogre
 12985 | Volcano  | Reached skill level 12 in Fighting
 12997 | Volcano  | Killed a two-headed ogre
 12997 | Volcano  | Killed from afar by an ogre mage

Levels and vault maps discovered:
D:1:      dpeg_arrival_windows_large_door, layout_loops_corners,
          minmay_misc_feat_four_crosses
D:2:      layout_basic, chequers_ecumenical_altar_twisty,
          uniq_crazy_yiuf_cottage, uniq_jessica
D:3:      layout_rooms, lemuel_round_altar, nicolae_overflow_crystal_walls,
          hellmonk_ghost_happy_afterlife, first_ration
D:4:      wander_river, layout_loops_corners, grunt_dithmenos_shadows,
          lemuel_coloured_pillars_altar, temple_fountains
D:5:      layout_basic, kennysheep_little_box, marbit_many_paths,
          xom_redecorated, basic_altar, minmay_fractal_squares_5
D:6:      layout_cave_pools, minitemple, evilmike_ruin_ashenzari,
          trog_ov_bears_minmay
D:7:      layout_layer_cave, serial_shops, shop
D:8:      layout_loops_corners, gammafunk_ghost_nasty_kobolds, serial_undead,
          serial_undead_c, serial_undead_a, serial_undead_f, serial_undead_d,
          serial_undead_e, serial_undead_d, serial_undead_f, hangedman_ranch
          [blue_anna_fruit_fields]
D:9:      layout_roguey, old_standard_altar, minivault_24, serial_bayou_ford_a,
          nemelex_diamond_rough_becter
D:10:     layout_roguey, due_lair_maze_entry_diamond, david_orc_4
D:11:     layout_gridville, gauntlet_entry_generic
Temple:   grunt_temple_mini_profane
Lair:1:   layout_cave_shapes, nicolae_volcano_entry_lava_flow, serial_bayou,
          serial_bayou_shore_a, serial_bayou_pond_c, serial_bayou_pond_a,
          serial_bayou_lagoon_a, minmay_stone_trees_small
Volcano:  volcano_lake [vl_original]

Skill      XL: |  1  2  3  4  5  6  7  8  9 10 11 12 |
---------------+-------------------------------------+-----
Long Blades    | 3 4 5 6 7 9 10 11 | 11.8
Fighting       | 4 5 6 8 9 10 11 12 | 12.0
Armour         | 5 7 8 |  8.3
Shields        | 5 7 8 |  8.2

Action                   |  1- 3 |  4- 6 |  7- 9 | 10-12 || total
-------------------------+-------+-------+-------+-------++-------
Melee: Long sword        |   119 |   219 |   456 |   762 ||  1556
       Dagger            |       |       |       |    27 ||    27
       Short sword       |       |       |       |    26 ||    26
Throw: Javelin           |       |       |     6 |       ||     6
Invok: Heroism           |       |       |     8 |    15 ||    23
Evoke: Wand              |       |       |       |     7 ||     7
  Use: Scroll            |     4 |     8 |     9 |     9 ||    30
       Potion            |     1 |       |     3 |     1 ||     5
  Eat: Chunk             |     2 |     6 |    10 |    14 ||    32
       Ration            |       |       |     1 |     2 ||     3
Armor: Scale mail        |    58 |     1 |       |       ||    59
       Chain mail        |       |   126 |   264 |   305 ||   695
       Plate armour      |       |       |       |   111 ||   111
Dodge: Dodged            |    27 |    34 |    94 |   203 ||   358
Block: Kite shield       |    45 |   102 |   210 |   458 ||   815
       Rpst.: Long sword |     9 |    12 |    26 |    39 ||    86

Table legend:
 A = Non-vault XP
 B = Vault XP
 C = Vault XP percentage of total XP
 D = Non-vault monster count
 E = Vault monster count
 F = Vault count percentage of total count
                 A         B        C        D         E       F
            +---------+---------+-------+---------+---------+-------
      Total |   14507 |    8783 |  37.7 |     250 |      65 |  20.6
            +---------+---------+-------+---------+---------+-------
        D:1 |      57 |       0 |   0.0 |      28 |       0 |   0.0
        D:2 |      39 |      37 |  48.7 |      12 |       1 |   7.7
        D:3 |     112 |       0 |   0.0 |      20 |       0 |   0.0
        D:4 |     493 |     121 |  19.7 |      18 |       1 |   5.3
        D:5 |     392 |     184 |  31.9 |      17 |       3 |  15.0
        D:6 |    1170 |     254 |  17.8 |      31 |       2 |   6.1
        D:7 |    1021 |       0 |   0.0 |      19 |       0 |   0.0
        D:8 |    1065 |    3189 |  75.0 |      17 |      24 |  58.5
        D:9 |    1323 |     137 |   9.4 |      18 |       1 |   5.3
       D:10 |     765 |    1633 |  68.1 |      15 |      24 |  61.5
       D:11 |    4837 |       0 |   0.0 |      43 |       0 |   0.0
     Lair:1 |    3233 |       0 |   0.0 |      12 |       0 |   0.0
    Volcano |       0 |    3228 | 100.0 |       0 |       9 | 100.0
            +---------+---------+-------+---------+---------+-------
